 Dungeon Crawl Stone Soup version 0.30.1-9-gdf580d7c3d (webtiles) character file.

Game seed: 14884466103813819245

26 Peloso the Shield-Bearer (level 2, -1/27 HPs)
             Began as a Minotaur Fighter on Sept 28, 2023.
             Slain by a gnoll
             ... wielding a +0 spear
              (3 damage)
             ... on level 2 of the Dungeon.
             The game lasted 00:01:29 (1040 turns).

Peloso the Shield-Bearer (Minotaur Fighter)         Turns: 1040, Time: 00:01:31

Health: -1/27      AC:  7    Str: 20    XL:     2   Next: 89%
Magic:  1/1        EV:  9    Int:  5    God:
Gold:   63         SH:  4    Dex:  9    Spells: 1/1 levels left

rFire   . . .        a - +0 long sword
rCold   . . .        c - +0 buckler
rNeg    . . .        b - +0 scale mail
rPois   .            (helmet restricted)
rElec   .            (no cloak)
rCorr   .            (no gloves)
SInv    .            (no boots)
Will    .....        (no amulet) Stlth
                     (no ring)
HPRegen 0.24/turn    (no ring)
MPRegen 0.07/turn

%: no passive effects
@: no status effects
A: horns 2, retaliatory headbutt
a: no special abilities


You were on level 2 of the Dungeon.
You visited 1 branch of the dungeon, and saw 2 of its levels.

You collected 63 gold pieces.

Inventory:

Hand Weapons
 a - a +0 long sword (weapon)
Armour
 b - a +0 scale mail (worn)
 c - a +0 buckler (worn)
Scrolls
 f - a scroll of poison
 g - 2 scrolls of amnesia
Potions
 d - a potion of might


   Skills:
 + Level 4.0 Fighting
 + Level 2.8 Long Blades
 + Level 4.0 Armour
 + Level 4.1 Shields


You had one spell level left.
You didn't know any spells.
Your spell library was empty.

Dungeon Overview and Level Annotations

Branches:
Dungeon (2/15)

Altars:

Annotations:
D:2 Natasha


Innate Abilities, Weirdness & Mutations

You have a pair of horns on your head.
You reflexively headbutt those who attack you in melee.


Message History

The jackal bites you but does no damage.
Natasha attacks as you move away! Natasha misses you.
The bat hits you but does no damage. The bat barely misses you.
Natasha casts a spell at you. The magic dart hits you.
You barely miss the bat. The bat barely misses you. The bat closely misses you.
You block the jackal's attack. The jackal closely misses you.
The bat barely misses you.
Unknown command.
The bat hits you but does no damage. The bat hits you.
The gnoll hits you but does no damage. x2; The bat hits you but does no damage.
The bat barely misses you. You furiously retaliate!
You headbutt the bat!
You kill the bat!
The gnoll hits you but does no damage.
The gnoll hits you from afar with a +0 spear.
You block the bat's attack. The jackal bites you.
Your Armour skill increases to level 4!
Unknown command.
Unknown command.
You closely miss the bat. The bat hits you.
The bat hits you but does no damage. The gnoll completely misses you.
The gnoll hits you but does no damage.
The gnoll hits you from afar with a +0 spear.
The gnoll barely misses you. You furiously retaliate!
You headbutt the gnoll! You block the jackal's attack.
You block the bat's attack. You block the gnoll's attack.
The gnoll hits you with a +0 whip. The gnoll hits you with a +0 spear.
* * * LOW HITPOINT WARNING * * *
The gnoll hits you from afar with a +0 spear.
* * * LOW HITPOINT WARNING * * *
The rat twitches its whiskers.
The jackal bites you but does no damage.
Really read the scroll of poison?
The air fills with toxic fumes!
As you read the scroll of poison, it crumbles to dust.
The bat hits you but does no damage. The bat closely misses you.
You furiously retaliate!
You headbutt the bat, but do no damage.
The jackal bites you but does no damage.
The gnoll hits you from afar with a +0 spear.
You die...

##..##........
...§ #§......+
#####§#§.......
.§§§§#§###....
.#§§§§§§###..
.....§§§g§§§###
.#....#grhS§§§#
......#gghg§###
##...###§b@###
.......#§§§###
###.#..§§§§#..
#...# §§§.#.
#.#.####...#.
#.....<#...
###........#
........##.#
#.#........#


You could see Natasha, 4 gnolls, a jackal, a hobgoblin, a bat, a ball python and
a rat.

Vanquished Creatures
  An endoplasm (D:1)
  2 giant cockroaches (D:1)
  A goblin (D:1)
  4 hobgoblins (D:1)
  A jackal (D:2)
  A kobold (D:1)
  A quokka (D:1)
  4 ball pythons
  5 bats
  A frilled lizard (D:1)
  2 rats (D:1)
23 creatures vanquished.

Notes
Turn   | Place    | Note
-------+----------+-------------------------------------------
     0 | D:1      | Peloso the Minotaur Fighter began the quest for the Orb.
     0 | D:1      | Reached XP level 1. HP: 19/19 MP: 0/0
     9 | D:1      | Noticed a polar bear
     9 | D:1      | Noticed a komodo dragon
    10 | D:1      | Noticed a redback
    10 | D:1      | Noticed a hound
   289 | D:1      | Reached XP level 2. HP: 27/27 MP: 1/1
  1031 | D:2      | Noticed Natasha
  1040 | D:2      | Slain by a gnoll

Illustrated notes

Levels and vault maps discovered:
D:1:      onia_arrival_zoo_common, layout_loops_ring
D:2:      layout_basic, ebering_ecumenical_altar_sacrificial, minmay_unequal,
          uniq_natasha

Skill      XL: |  1  2 |
---------------+-------+-----
Shields        | 4 |  4.1
Fighting       | 4 |  4.0
Armour         | 4 |  4.0
Long Blades    | |  2.8

Action                     || total
---------------------------++-------
  Melee: Long sword        ||    42
         Headbutt          ||     8
    Use: Potion            ||     3
         Scroll            ||     4
 Armour: Scale mail        ||    45
  Dodge: Dodged            ||    42
  Block: Buckler           ||    19
